AoeStats
← Folothommalannalkaani

Arabia

509073225Analyzed
1v1 RM · 7d ago on Sep 25, 2026· 44m 29s· 2 players
Game mode
Random Map
Map size
Tiny (2 player)
Population
200
Speed
Normal
Resources
Standard
Victory
Conquest
Starting age
Dark Age
Ending age
Imperial Age
RankedLock teamsTeams togetherTeam positionsShared explorationLock speedFull tech treeHidden civsTurbo modeCheats
Victory
Defeat
🇫🇮 Turks · Finland
864
+16
🇭🇺 Magyars · Hungary
854
-16
pizsamasbanan
8:17 Loom
10:39 Feudal Age
11:15 Double-Bit Axe
18:19 Horse Collar
21:25 Scale Barding Armor
21:34 Bloodlines
30:02 Castle Age
29:36 Fletching
31:25 Thumb Ring
33:25 Bodkin Arrow
33:52 Chain Barding Armor
39:20 Gold Mining
39:42 Bow Saw
39:37 Heavy Plow
43:58 Ballistics
Folothommalannalkaani
9:45 Feudal Age
11:47 Double-Bit Axe
12:17 Horse Collar
25:11 Castle Age
26:03 Heavy Plow
26:14 Bow Saw
30:28 Loom
33:22 Fletching
34:51 Bodkin Arrow
35:48 Husbandry
35:59 Bloodlines
36:17 Padded Archer Armor
37:31 Leather Archer Armor
38:08 Thumb Ring
39:06 Ballistics
39:49 Wheelbarrow
40:59 Hand Cart
40:30 Town Watch
41:17 Treadmill Crane
45:03 Sipahi
Connection lost

Rejoining the realm…

Still unreachable

The connection could not be restored.

Session expired

The server has moved on; the page needs a fresh start.